 Dungeon Crawl Stone Soup version 0.23-b1-3-gdda8187c6f (webtiles) character file.

Game seed: 10729228347974552157

4118 Kisielow the Carver (level 10, -11/88 HPs)
             Began as a Minotaur Fighter on Feb 1, 2019.
             Was an Elder of Okawaru.
             Mangled by an ice beast (18 damage)
             ... on level 7 of the Dungeon.
             The game lasted 00:18:21 (7653 turns).

Kisielow the Carver (Minotaur Fighter)              Turns: 7653, Time: 00:18:22

Health: -11/88     AC:  5    Str: 36    XL:     10   Next: 6%
Magic:  12/12      EV:  9    Int:  5    God:    Okawaru [****..]
Gold:   343        SH: 12    Dex: 10    Spells: 9/9 levels left

rFire    + . .     SeeInvis .   a - +1 long sword
rCold    x . .     Gourm    .   c - +0 shield
rNeg     . . .     Faith    .   v - +1 robe "Bouhan" {MR+ Str+7 Slay-5} (curse)
rPois    .         Spirit   .   (helmet restricted)
rElec    .         Reflect  .   l - +0 cloak
rCorr    .         Harm     .   (no gloves)
MR       +....                  (no boots)
Stlth    +.........             n - amulet of inaccuracy (curse)
HPRegen  0.24/turn              w - ring of fire
MPRegen  0.13/turn              (no ring)

@: mighty
A: retaliatory headbutt, horns 2
a: Heroism, Renounce Religion


You were on level 7 of the Dungeon.
You worshipped Okawaru.
Okawaru was greatly pleased with you.
You were hungry.

You visited 1 branch of the dungeon, and saw 7 of its levels.

You collected 343 gold pieces.

Inventory:

Hand Weapons
 a - a +1 long sword (weapon)
 x - a +0 short sword of protection
Armour
 c - a +0 shield (worn)
 l - a +0 cloak (worn)
 q - a +0 plate armour
 v - the cursed +1 robe "Bouhan" (worn) {MR+ Str+7 Slay-5}
   (You found it on level 7 of the Dungeon)

   It affects your strength (+7).
   It affects your accuracy and damage with ranged weapons and melee attacks
   (-5).
   It affects your resistance to hostile enchantments.
   It has a curse placed upon it.
Jewellery
 n - a cursed amulet of inaccuracy (around neck)
 w - a ring of fire (left hand)
Wands
 j - a wand of polymorph (7)
 k - a wand of enslavement (9)
Scrolls
 b - a scroll of identify
 h - a scroll of immolation
 m - 4 scrolls of teleportation
 p - a scroll of fog
Potions
 e - 4 potions of curing
 g - 2 potions of flight
 i - 2 potions of haste
 o - 3 potions of brilliance
 r - a potion of ambrosia
 s - a potion of lignification
 t - 2 potions of invisibility
 u - a potion of might
Comestibles
 f - 14 rations


   Skills:
 + Level 7.6 Fighting
 + Level 10.6 Long Blades
 + Level 7.7 Armour
 + Level 7.6 Shields
 * Level 4.3 Invocations
 * Level 3.9 Evocations


You had 9 spell levels left.
You didn't know any spells.
Your spell library contained the following spells:

 Spells                   Type           Power        Failure   Level  Hunger
 Beastly Appendage        Tmut           #.....       80%         1    ##.....
 Sticks to Snakes         Tmut           #.......     90%         2    ###....
 Spider Form              Tmut/Pois      #.........   99%         3    ####...
 Ice Form                 Ice/Tmut       #.......     100%        4    #####..
 Blade Hands              Tmut           #.........   100%        5    ######.


Dungeon Overview and Level Annotations

Branches:
Dungeon (7/15)             Temple (0/1) D:7

Altars:
Okawaru
Wu Jian
The Shining One

Annotations:
D:7 1 transporter


Innate Abilities, Weirdness & Mutations

You reflexively headbutt those who attack you in melee.
You have a pair of horns on your head.


Message History

The ice beast hits you but does no damage.
You slash the ice beast! Your headbutt misses the ice beast.
The ice beast is moderately wounded.
The ice beast hits you. The ice beast freezes you!!
You feel a terrible chill!
You barely miss the ice beast. You headbutt the ice beast.
The ice beast is moderately wounded.
The ice beast hits you. The ice beast freezes you!
You feel a terrible chill!
You hit the ice beast but do no damage. Your headbutt misses the ice beast.
The ice beast is moderately wounded.
The ice beast hits you.
* * * LOW HITPOINT WARNING * * *
The ice beast freezes you!
You feel a terrible chill!
* * * LOW HITPOINT WARNING * * *
You miss the ice beast. Your headbutt misses the ice beast.
The ice beast is moderately wounded.
You feel very mighty all of a sudden. The ice beast hits you.
* * * LOW HITPOINT WARNING * * *
The ice beast freezes you!!
You feel a terrible chill!
You die...

#.................#######.....#
##..........................###
##....##...................##
#######....................##
#..##.......#######....#
#............## ####..
....).........## ##..
...............# #...
......Y@......## ##...
.......?.....## #...#
............## #####
....^.......# ...........##
..........## #........##
#.......##


You could see an ice beast.

Vanquished Creatures
  A satyr (D:5)
  Pikel (D:6)
  The ghost of Vesto the Skirmisher, an amateur HOFi (D:5)
  Prince Ribbit (D:7)
  Sigmund (D:2)
  Duvessa (D:6)
  An ice beast (D:7)
  2 orc warriors (D:5)
  2 phantoms
  2 sky beasts
  2 ogres (D:5)
  3 slaves
  A centaur (D:5)
  A big kobold (D:7)
  3 bullfrogs
  Dowan (D:6)
  2 scorpions
  A howler monkey (D:5)
  A centaur zombie (D:7)
  2 crimson imps (D:5)
  3 hounds
  3 orc priests
  2 jellies (D:5)
  5 orc wizards
  2 bullfrog skeletons
  2 centaur skeletons (D:5)
  An iguana (D:5)
  7 worker ants
  A hound zombie (D:7)
  2 worker ant zombies (D:5)
  A howler monkey skeleton (D:4)
  A gnoll (D:1)
  8 adders
  An ooze (D:3)
  6 worms
  4 dart slugs
  2 leopard geckos (D:5)
  18 orcs
  6 bats
  6 giant cockroaches
  11 hobgoblins
  6 jackals
  6 kobolds
  2 quokkas
  3 ball pythons
  3 frilled lizards
  8 goblins
  A jackal skeleton (D:6)
  A leopard gecko skeleton (D:6)
  A leopard gecko zombie (D:6)
  12 rats
165 creatures vanquished.

Notes
Turn   | Place    | Note
-------+----------+-------------------------------------------
     0 | D:1      | Kisielow the Minotaur Fighter began the quest for the Orb.
     0 | D:1      | Reached XP level 1. HP: 19/19 MP: 0/0
    74 | D:1      | Reached skill level 3 in Long Blades
    74 | D:1      | Reached XP level 2. HP: 14/26 MP: 1/1
   277 | D:1      | Reached skill level 4 in Long Blades
   415 | D:1      | Reached XP level 3. HP: 31/31 MP: 2/2
  1140 | D:2      | Reached skill level 5 in Long Blades
  1141 | D:2      | Noticed Sigmund
  1149 | D:2      | Killed Sigmund
  1149 | D:2      | Reached skill level 7 in Long Blades
  1149 | D:2      | Reached XP level 4. HP: 31/39 MP: 3/3
  1149 | D:2      | Reached XP level 5. HP: 36/45 MP: 4/4
  1203 | D:2      | Found an ornate altar of the Wu Jian Council.
  1322 | D:2      | Found an iron altar of Okawaru.
  1335 | D:2      | Became a worshipper of Warmaster Okawaru
  1877 | D:3      | Reached XP level 6. HP: 52/52 MP: 5/5
  2953 | D:4      | Reached XP level 7. HP: 57/60 MP: 6/6
  3010 | D:4      | Found a glowing golden altar of the Shining One.
  3273 | D:5      | Entered Level 5 of the Dungeon
  3275 | D:5      | Reached * piety under Okawaru
  3395 | D:4      | Reached skill level 5 in Fighting
  3395 | D:4      | Reached skill level 5 in Armour
  3402 | D:5      | Reached skill level 5 in Shields
  3406 | D:5      | Reached skill level 8 in Long Blades
  3924 | D:5      | Reached XP level 8. HP: 64/69 MP: 7/7
  4078 | D:5      | Found a runed translucent door.
  4078 | D:5      | Noticed Vesto's ghost (amateur HOFi)
  4365 | D:5      | Reached ** piety under Okawaru
  4716 | D:5      | Killed Vesto's ghost
  4716 | D:5      | Reached skill level 9 in Long Blades
  4921 | D:6      | Noticed a six-headed hydra
  5781 | D:5      | Reached skill level 10 in Long Blades
  5929 | D:5      | Reached skill level 1 in Invocations
  5929 | D:5      | Reached XP level 9. HP: 43/78 MP: 8/8
  6089 | D:5      | Reached skill level 1 in Evocations
  6206 | D:5      | Noticed a satyr
  6206 | D:5      | a six-headed hydra changed into a satyr
  6222 | D:5      | Killed a satyr
  6222 | D:5      | Reached *** piety under Okawaru
  6636 | D:6      | Noticed Dowan
  6641 | D:6      | Noticed Duvessa
  6652 | D:6      | Killed Duvessa
  6681 | D:6      | Killed Dowan
  6702 | D:6      | Noticed Pikel
  6730 | D:6      | Killed Pikel
  7042 | D:7      | Got a warped robe
  7053 | D:7      | Identified the cursed +1 robe "Bouhan" {MR+ Str+7 Slay-5}
                  | (You found it on level 7 of the Dungeon)
  7064 | D:7      | Found a staircase to the Ecumenical Temple.
  7187 | D:7      | Reached **** piety under Okawaru
  7212 | D:7      | Found a transporter.
  7218 | D:7      | Noticed a kobold demonologist
  7220 | D:7      | Noticed a kobold demonologist
  7399 | D:7      | Noticed Prince Ribbit
  7419 | D:7      | Killed Prince Ribbit
  7419 | D:7      | Reached XP level 10. HP: 62/86 MP: 12/12
  7653 | D:7      | Mangled by an ice beast

Skill      XL: |  1  2  3  4  5  6  7  8  9 |
---------------+----------------------------+-----
Long Blades    | 3 4 7 8 10 | 10.6
Shields        | 4 5 6 7 |  7.6
Armour         | 4 5 6 7 |  7.7
Fighting       | 4 5 6 7 |  7.6
Invocations    | 1 4 |  4.3
Evocations     | 3 |  3.9

Action                   |  1- 3 |  4- 6 |  7- 9 | 10-12 || total
-------------------------+-------+-------+-------+-------++-------
Melee: Long sword        |    84 |   118 |   332 |    36 ||   570
       Headbutt          |    14 |    20 |    86 |     1 ||   121
       Short sword       |       |       |    55 |       ||    55
Invok: Heroism           |       |       |     2 |       ||     2
Evoke: Wand              |       |       |     3 |       ||     3
  Use: Scroll            |     1 |     6 |     9 |       ||    16
       Potion            |     1 |       |     3 |     1 ||     5
  Eat: Chunk             |     1 |     5 |    12 |       ||    18
       Ration            |       |       |     1 |       ||     1
Armor: Scale mail        |    35 |    12 |       |       ||    47
       Plate armour      |       |    49 |   153 |       ||   202
       Robe              |       |       |     9 |     5 ||    14
Dodge: Dodged            |    28 |    19 |    62 |     8 ||   117
Block: Shield            |    45 |    44 |   198 |    16 ||   303
       Rpst.: Long sword |     9 |     5 |    14 |     1 ||    29
